 Dungeon Crawl Stone Soup version 0.27-a0-1206-g6342a01c75 (webtiles) character file.

Game seed: 2024382619103072965

60 Glokmah the Poker (level 3, -2/28 HPs)
             Began as a Demonspawn Gladiator on June 5, 2021.
             Was a Believer of Vehumet.
             Slain by an iguana (8 damage)
             ... on level 3 of the Dungeon.
             The game lasted 00:03:43 (2469 turns).

Glokmah the Poker (Demonspawn Gladiator)            Turns: 2469, Time: 00:03:43

Health: -2/28      AC:  5    Str: 14    XL:     3   Next: 80%
Magic:  4/4        EV: 12    Int: 10    God:    Vehumet [**....]
Gold:   114        SH:  0    Dex: 14    Spells: 2/3 levels left

rFire    . . .     SeeInvis .   a - +0 trident
rCold    . . .     Faith    .   (no shield)
rNeg     . . .     Spirit   .   b - +0 leather armour
rPois    .         Reflect  .   c - +1 helmet
rElec    .         Harm     .   (no cloak)
rCorr    .         Rampage  .   (no gloves)
Will     .....                  (no boots)
Stlth    +.........             (no amulet)
HPRegen  0.09/turn              (no ring)
MPRegen  0.09/turn              (no ring)

@: no status effects
A: powered by death 1
a: Renounce Religion


You were on level 3 of the Dungeon.
You worshipped Vehumet.
Vehumet was pleased with you.
You visited 1 branch of the dungeon, and saw 3 of its levels.

You collected 114 gold pieces.

Inventory:

Hand Weapons
 a - a +0 trident (weapon)
Missiles
 d - 3 throwing nets (quivered)
 o - 4 boomerangs
Armour
 b - a +0 leather armour (worn)
 c - a +1 helmet (worn)
Jewellery
 n - an amulet of guardian spirit
Scrolls
 k - a scroll of vulnerability
Potions
 e - a potion of might {unknown}
 g - 2 potions of cancellation
 h - a potion of attraction {unknown}
 i - 2 potions of heal wounds {unknown}
 j - a potion of lignification {unknown}


   Skills:
 + Level 2.5 Fighting
 - Level 3.0 Polearms
 - Level 2.0 Throwing
 - Level 2.6 Dodging
 + Level 0.9 Spellcasting
 * Level 1.7 Conjurations
 + Level 0.9 Air Magic


You had 2 spell levels left.
You knew the following spells:

 Your Spells              Type           Power      Damage    Failure   Level
a - Shock                 Conj/Air       12%        1d3       26%         1

Your spell library contained the following spells:

 Spells                   Type           Power      Damage    Failure   Level
 Searing Ray              Conj           6%         3d3       32%         2


Dungeon Overview and Level Annotations

Branches:
Dungeon (3/15)

Altars:
Vehumet

Annotations:
D:3 2 transporters, Gilette's ghost, amateur GrMo


Innate Abilities, Weirdness & Mutations

You regenerate a little health from kills.


Message History

Unknown command.
There is a transporter landing site here.
A dart slug comes into view.
Gilette's ghost whispers, "Death is liberation."
The dart slug moves out of view.
The dart slug launches a dart at you. The slug dart misses you.
The dart slug launches a dart at you. The slug dart misses you.
You reach to attack!
You puncture the dart slug!
The dart slug is severely wounded.
You hit the dart slug.
You kill the dart slug!
Vehumet accepts your kill.
Found a leather armour.
You see here a +0 leather armour.
Found a stone staircase leading down.
You hear the brisk rusting of a very distant drain.
You open the door.
A frilled lizard and an iguana come into view.
The frilled lizard hisses angrily.
There is an open door here.
The iguana bites you!
The frilled lizard completely misses you.
You hit the iguana.
The iguana is moderately wounded.
The iguana bites you!
* * * LOW HITPOINT WARNING * * *
The frilled lizard barely misses you. The iguana bites you.
* * * LOW HITPOINT WARNING * * *
You are too injured to fight recklessly!
There is an open door here.
You closely miss the frilled lizard.
The frilled lizard bites you but does no damage.
You hit the iguana.
The iguana is severely wounded.
You closely miss the iguana.
The iguana is severely wounded.
The iguana bites you!
You die...

#.# #.#. ## #.# #.#.
##.##.# #.#. ###.#.#>##
##########.#Z
.....#...###..........#W
#.........[......#..#z
##.#...###.##.##.#..##
##.## #.##.##.#.... #@#
#.##....#.#.# #l#
#.##...†....# ##l##
#.........### #...#
#####.##### #.....# #...
#.......# # #.........#
#.## +.........+ #...
#.........# #.##


You could see an iguana and a frilled lizard.

Vanquished Creatures
  Terence (D:3)
  A dart slug (D:3)
  8 ball pythons
  4 endoplasms
  A giant cockroach (D:1)
  2 goblins (D:1)
  2 hobgoblins
  2 jackals (D:1)
  A quokka (D:1)
  5 bats
  2 frilled lizards (D:2)
  A kobold (D:1)
  4 rats
34 creatures vanquished.

Notes
Turn   | Place    | Note
-------+----------+-------------------------------------------
     0 | D:1      | Glokmah the Demonspawn Gladiator began the quest for the
                  | Orb.
     0 | D:1      | Reached XP level 1. HP: 16/16 MP: 1/1
   534 | D:1      | Reached skill level 3 in Polearms
   597 | D:1      | Gained mutation: You regenerate a little health from kills.
                  | [demonic ancestry]
   597 | D:1      | Reached XP level 2. HP: 22/22 MP: 2/2
   600 | D:1      | Found a faded altar of an unknown god.
   608 | D:1      | Became a worshipper of Vehumet
   608 | D:1      | Reached * piety under Vehumet
   608 | D:1      | Offered knowledge of Shock by Vehumet.
   611 | D:1      | Learned a level 1 spell: Shock
  1414 | D:2      | Reached skill level 1 in Conjurations
  1436 | D:2      | Offered knowledge of Searing Ray by Vehumet.
  1577 | D:2      | Reached XP level 3. HP: 25/28 MP: 3/3
  1718 | D:2      | Reached ** piety under Vehumet
  2154 | D:3      | Noticed Terence
  2165 | D:3      | Killed Terence
  2351 | D:3      | Found a transporter.
  2353 | D:3      | Noticed Gilette's ghost (amateur GrMo)
  2356 | D:3      | Found a transporter.
  2469 | D:3      | Slain by an iguana

Illustrated notes

Levels and vault maps discovered:
D:1:      matt_arrival_los_fun, layout_basic,
          shapermc_ecumenical_altar_starsandcircs, serial_bayou_crossing
D:2:      layout_basic
D:3:      layout_loops_corners, gammafunk_ghost_mausoleum,
          lightli_sewer_entry_pipes, uniq_terence

Skill      XL: |  1  2 |
---------------+-------+-----
Polearms       | 3 |  3.0
Throwing       | 2 |  2.0
Conjurations   | 1 |  1.7
Fighting       | |  2.5
Dodging        | |  2.6
Spellcasting   | |  0.9
Air Magic      | |  0.9

Action                   || total
-------------------------++-------
Melee: Trident           ||   130
 Cast: Shock             ||     2
  Use: Scroll            ||     4
 Stab: Sleeping          ||     1
Armor: Leather armour    ||    33
Dodge: Dodged            ||    84

Table legend: (Time is in decaauts)
 A = Elapsed time spent in this place.
 B = Non-inter-level travel time spent in this place.
 C = Inter-level travel time spent in this place.
 D = Time resting spent in this place.
 E = Time spent auto-exploring this place.
 F = Levels seen in this place.
 G = Mean time per level.
                   A        B        C        D        E       F      G
               +--------+--------+--------+--------+--------+-----+--------+
         Total |   2498 |   2297 |    201 |     36 |   1760 |   3 |  832.7 |
       Dungeon |   2498 |   2297 |    201 |     36 |   1760 |   3 |  832.7 |
               +--------+--------+--------+--------+--------+-----+--------+

Top non-repeatable levels by time:
     D:1: 1285 daAuts
     D:2: 907 daAuts
     D:3: 304 daAuts
